[Event "Late-Titled-Tuesday-Blitz-November-28-2023"]
[Site "Chess.com"]
[Date "2023.11.28"]
[Round "8"]
[White "egnfanclub"]
[Black "DraningWaterHi"]
[Result "1/2-1/2"]
[WhiteElo "2331"]
[BlackElo "2173"]
[TimeControl "180+1"]
[EndTime "15:26:06 PST"]
[Termination "Game drawn by repetition"]

1. e4 e5 2. Nf3 Nc6 3. d4 exd4 4. Bc4 Nf6 5. O-O Nxe4 6. Nc3 Nxc3 7. bxc3 d5 8. Bb5 Be7 9. cxd4 O-O 10. Bxc6 bxc6 11.
Ne5 Bd7 12. Rb1 f6 13. Nxd7 Qxd7 14. Qf3 Bd6 15. Ba3 Rab8 16. Rb3 Rxb3 17. Qxb3 Re8 18. h3 Re2 19. Qb8+ Kf7 20. Qxa7 Rxc2 21. Bc5 Bxc5 22.
dxc5 d4 23. Qa4 Rxc5 24. Rd1 Rd5 25. Qc4 d3 26. a4 Kf8 27. Rd2 Rd4 28. Qb3 c5 29. a5 Qc6 30. Rxd3 Rxd3 31. Qxd3 c4 32. Qc3 Qa6 33. Qb4+ Kf7 34. Qc5 c6 35. h4 Qb5 36.
Qa3 Qb3 37. Qc5 c3 38. a6 c2 39. a7 Qb1+ 40. Kh2 c1=Q 41. Qxc1 Qxc1 42. a8=Q Qf4+ 43. Kg1 Qc7 44. Qa2+ Kf8 45. Qc4 c5 46. h5 Qe5 47.
h6 gxh6 48. Qg4 h5 49. Qc8+ Kg7 50. Qd7+ Kg6 51. Qd3+ Qf5 52. Qd8 c4 53. Qe8+ Kg7 54. Qe7+ Kh6 55. Qf8+ Kg5 56. Qg8+ Qg6 57. Qxc4 Qb1+ 58. Kh2 Qb8+ 59. g3 Kg6 60. Qe4+ Kh6 61.
Qf5 Qe5 62. Qd7 h4 63. Qh3 Qg5 64. Qxh4+ Qxh4+ 65. gxh4 Kh5 66. Kg3 f5 67. f4 Kg6 68.
Kf3 Kf6 69. Ke3 Kg6 70. Kf3 Kf6 71. Ke3 Ke6 72. Kd4 Kd6 73. h5 h6 74. Kc4 Kc6 75.
Kd4 Kd6 76. Kc4 Kc6 77. Kd4 Kd6 1/2-1/2

[Event "Late-Titled-Tuesday-Blitz-November-28-2023"]
[Site "Chess.com"]
[Date "2023.11.28"]
[Round "8"]
[White "tantaan"]
[Black "noblerone"]
[Result "1-0"]
[WhiteElo "2384"]
[BlackElo "2478"]
[TimeControl "180+1"]
[EndTime "15:26:10 PST"]
[Termination "tantaan won on time"]

1. e4 c6 2. d4 d5 3. Nc3 dxe4 4.
Nxe4 Nf6 5. Nxf6+ exf6 6. c3 Bd6 7. Bd3 O-O 8. Qc2 Re8+ 9. Ne2 h5 10. Be3 Nd7 11.
O-O-O Nf8 12. Kb1 Be6 13. c4 b5 14. Nc3 bxc4 15. Be4 Qc7 16. g4 h4 17. g5 fxg5 18. Bxg5 Rab8 19. Rhg1 Bxh2 20. Rg2 Bf4 21. Bf6 Bh6 22.
Bxg7 Bxg7 23. Rdg1 f5 24. Rxg7+ Qxg7 25. Rxg7+ Kxg7 26. Bxf5 Re7 27. Be4 Rf7 28. f3 h3 29. Qh2 Re8 30. Qg3+ Kh8 31. Ne2 Rg7 32. Qh4+ Kg8 33. Nf4 Rg1+ 34. Kc2 Bf7 35. Qxh3 Rd8 36. Qh2 Rg5 37. Ne2 Bd5 38. Qh4 Bxe4+ 39. fxe4 Rg2 40. Qxd8 Rxe2+ 41. Kc3 Rxe4 42. Kxc4 Kf7 43. Qc7+ Kf6 44. Qxa7 Re6 45. Qa3 Nd7 46. Qf3+ Ke7 47. a4 Nb6+ 48. Kb4 Nd5+ 49. Kc5 Nc7 50. Qg3 Na6+ 51. Kc4 c5 52. Qg7+ Kd6 53. dxc5+ Nxc5 54. Qf8+ Kd7 55. Qxc5 Re4+ 56.
Kb5 Re6 57. Qd5+ Kc7 58. Qxe6 1-0

[Event "Late-Titled-Tuesday-Blitz-November-28-2023"]
[Site "Chess.com"]
[Date "2023.11.28"]
[Round "8"]
[White "Dino_Ballecer"]
[Black "Fortitudine"]
[Result "1-0"]
[WhiteElo "2580"]
[BlackElo "2394"]
[TimeControl "180+1"]
[EndTime "15:26:17 PST"]
[Termination "Dino_Ballecer won on time"]

1. e4 c5 2. Nf3 d6 3. Bb5+ Nd7 4. d4 cxd4 5. Qxd4 Nf6 6. Nc3 a6 7. Bxd7+ Bxd7 8. Bg5 Rc8 9. O-O-O Qa5 10. e5 dxe5 11.
Nxe5 Be6 12. Rd3 h6 13. Bh4 g5 14. Bg3 Bg7 15. Kb1 Qc5 16. Qxc5 Rxc5 17. Re1 Nh5 18.
Red1 O-O 19. Nd7 Bxd7 20. Rxd7 Bxc3 21. bxc3 Nxg3 22. hxg3 Rxc3 23. Rxe7 Rfc8 24. Rd2 R3c7 25. Re3 Kg7 26. g4 Rc4 27. f3 R8c7 28. Kb2 Rb4+ 29.
Rb3 Rbc4 30. a3 Kf6 31. Re2 R4c6 32. Rb4 Re6 33. Rxe6+ fxe6 34. Re4 Rd7 35. Kc3 b5 36. a4 Rc7+ 37. Kb3 Rc5 38. axb5 axb5 39. Re2 e5 40. Kb4 Rd5 41. c3 Ke6 42. Ra2 Kf7 43. Ra7+ Kg6 44. Ra6+ Kg7 45. Re6 Rd2 46. Kxb5 Rxg2 47. Rxe5 Kf6 48. Re3 Rb2+ 49. Kc6 Rc2 50. Kd5 Rd2+ 51.
Kc5 Rd8 52. c4 h5 53. gxh5 Kf5 54. Kc6 Kf4 55. Rc3 Rh8 56. c5 Rxh5 57. Kb6 1-0

[Event "Late-Titled-Tuesday-Blitz-November-28-2023"]
[Site "Chess.com"]
[Date "2023.11.28"]
[Round "8"]
[White "ameetghasi100"]
[Black "djano"]
[Result "0-1"]
[WhiteElo "2813"]
[BlackElo "2607"]
[TimeControl "180+1"]
[EndTime "15:26:21 PST"]
[Termination "djano won on time"]

1. Nf3 d5 2. e3 Nf6 3. c4 c6 4. b3 g6 5. Bb2 Bg7 6. g3 O-O 7. Bg2 Bg4 8. O-O e6 9. Nc3 Nbd7 10. d4 Qb6 11. Qc2 Rfe8 12. h3 Bxf3 13. Bxf3 a5 14. Rab1 Qa7 15. Ba1 h5 16. Bg2 Rac8 17.
Rfd1 Qa6 18. Bf1 Qa8 19. Bg2 Qa6 20. Ne2 Bf8 21. Nf4 Bd6 22. Nd3 b5 23. Rbc1 Ba3 24.
Rb1 Bd6 25. Nc5 Qa7 26. Rbc1 a4 27. cxb5 cxb5 28. b4 Nb6 29. Qe2 Nc4 30. Bc3 Qe7 31.
Qf3 e5 32. dxe5 Bxe5 33. Be1 Bb2 34. Rc2 a3 35. Qe2 Rcd8 36. Nd3 Ne4 37. Nf4 Qe5 38.
Rd3 Kh7 39. Qd1 d4 40. exd4 Bxd4 41. Re2 f5 42. h4 Nb2 43. Qc2 Nxd3 44. Nxd3 Qf6 45.
Kf1 Rc8 46. Qb3 Nc3 47. Rxe8 Rxe8 48. Bd2 Ne4 49. Be1 Kg7 50. Qxa3 Qf7 51. Qb3 Qc4 52. Bf3 Nc3 53. Bxc3 Qxd3+ 54. Kg2 Qxc3 55. Qd5 Re7 56. Qd6 Bf6 57. Bd5 Qe5 58. Qd8 Re8 59. Qd7+ Qe7 60. Qxb5 Rd8 61. Qc4 Qd7 62. Bf3 Rc8 63. Qb3 Qd4 64.
b5 Rc3 65. Qe6 Rc2 66. Qe2 Rxe2 67. Bxe2 Qb2 68. Bf3 Bd4 0-1

[Event "Late-Titled-Tuesday-Blitz-November-28-2023"]
[Site "Chess.com"]
[Date "2023.11.28"]
[Round "8"]
[White "mbojan"]
[Black "AlexPapasimakopoulos"]
[Result "1-0"]
[WhiteElo "2863"]
[BlackElo "2678"]
[TimeControl "180+1"]
[EndTime "15:26:22 PST"]
[Termination "mbojan won on time"]

1. a3 d5 2. e3 g6 3. c4 e6 4. Nf3 Bg7 5. d4 Nf6 6. Nc3 O-O 7. Be2 dxc4 8. Bxc4 a6 9. O-O Nbd7 10. b4 Qe7 11. Bb2 Rd8 12. Qe2 b6 13. Rad1 Bb7 14. e4 c5 15. dxc5 bxc5 16. b5 Nb6 17.
bxa6 Nxc4 18. axb7 Qxb7 19. Qxc4 Qxb2 20. Nb5 Rdb8 21. Rb1 Rxb5 22. Rxb2 Rxb2 23. Qxc5 Ra2 24. e5 Nd5 25. h3 R2xa3 26. Rb1 R3a7 27. Rb8+ Rxb8 28.
Qxa7 Rb1+ 29. Kh2 h6 30. g3 Bf8 31. h4 Rc1 32. h5 g5 33. Kg2 Rc2 34. Qa4 Rb2 35.
Nh2 Rb4 36. Qc2 Bg7 37. Qe2 Rf4 38. Kg1 Ra4 39. Ng4 Ra8 40. Kg2 Ra4 41. Qf3 Rc4 42. Kh3 Rc3 43. Qe4 Rb3 44. Qc4 Rb8 45. Qc6 Rd8 46.
Qb7 Rf8 47. Kg2 Rd8 48. Qa7 Rc8 49. Qa4 Rb8 50. f4 gxf4 51. gxf4 Rb4 52. Qe8+ Bf8 53. Nxh6+ Kh7 54. Qxf7+ Bg7 55. Qg6+ Kh8 56. Qe8+ Kh7 57.
Qg8+ Kxh6 58. Qxe6+ Kh7 59. Qxd5 Rxf4 60. Qd3+ Kh8 61. e6 Bf6 62. Qg6 1-0

[Event "Late-Titled-Tuesday-Blitz-November-28-2023"]
[Site "Chess.com"]
[Date "2023.11.28"]
[Round "8"]
[White "temiksmozg"]
[Black "wanyaland"]
[Result "1-0"]
[WhiteElo "2593"]
[BlackElo "2444"]
[TimeControl "180+1"]
[EndTime "15:26:22 PST"]
[Termination "temiksmozg won on time"]

1. h4 Nf6 2. Rh3 d5 3. Ra3 e5 4. Re3 e4 5. d4 Ng4 6. Rh3 Nc6 7. e3 f5 8. g3 Bd6 9. c4 O-O 10. cxd5 Ne7 11. Bc4 a6 12. a3 b5 13. Ba2 Bb7 14.
Nc3 Kh8 15. Nge2 Nf6 16. Qb3 Nexd5 17. Qc2 Rc8 18. b4 Qd7 19. Rh1 c6 20. Bd2 Ng4 21. Nf4 Bxf4 22. gxf4 Qd8 23. Ne2 Qe7 24. Ng3 g6 25. h5 g5 26. fxg5 Qxg5 27. Ke2 Ngxe3 28. Bxe3 Nxe3 29. fxe3 Qxg3 30. Raf1 f4 31. Qc3 f3+ 32.
Kd1 Qd6 33. Rhg1 Qf6 34. Qc5 Rcd8 35. h6 Qxh6 36. Qe5+ Rf6 37. Qe7 Rdf8 38. Qxb7 f2 39. Rg3 Qh5+ 40. Kd2 Qh6 41. d5 Rg6 42. Rxg6 hxg6 43.
d6 g5 44. Qe7 Qf6 45. Qxf6+ Rxf6 46. Ke2 Rxd6 47. Rxf2 Kg7 48. Rg2 Kg6 49. Bb1 Re6 50. Rf2 Re5 51. Rf8 c5 52. bxc5 Rxc5 53. Bxe4+ Kg7 54.
Rf5 Rxf5 55. Bxf5 a5 56. Kf3 Kf6 57. Bd3 b4 58. axb4 axb4 59. Bc2 Ke5 60. Bb3 1-0

[Event "Late-Titled-Tuesday-Blitz-November-28-2023"]
[Site "Chess.com"]
[Date "2023.11.28"]
[Round "8"]
[White "bazar-wokzal"]
[Black "DuleMudule"]
[Result "0-1"]
[WhiteElo "2643"]
[BlackElo "2858"]
[TimeControl "180+1"]
[EndTime "15:26:26 PST"]
[Termination "DuleMudule won by resignation"]

1. e4 c5 2. c3 Nf6 3. e5 Nd5 4.
d4 cxd4 5. cxd4 Nc6 6. Nc3 Nxc3 7.
bxc3 d6 8. f4 dxe5 9. fxe5 g6 10. Nf3 Bg7 11. Bd3 O-O 12. O-O Be6 13. Qe1 Rc8 14.
Qh4 f6 15. exf6 exf6 16. Bh6 Bd5 17. Rae1 Qd6 18. Nd2 Bf7 19. Ne4 Qd8 20. Nxf6+ Bxf6 21. Qxf6 Qxf6 22. Rxf6 Rfe8 23. Ref1 Nd8 24. c4 Re6 25. d5 Rxf6 26. Rxf6 b6 27. Kf2 Nb7 28. Rc6 Re8 29. Be3 Re7 30. Bd4 Be8 31. Rc8 Kf7 32. Ra8 Nd6 33. c5 bxc5 34. Bxc5 Ne4+ 35. Bxe4 Rxe4 36. Rxa7+ Kf6 37. Rxh7 Rc4 38. Be7+ Ke5 39. d6 Rc2+ 40. Kg3 Bc6 41. Bf8 Rxg2+ 42. Kh3 Rxa2 43.
Rc7 Bd5 44. d7 Be6+ 45. Kg3 Rd2 46. Bg7+ Ke4 47. Rc6 Bxd7 48. Rxg6 Rd3+ 49. Kg2 Bh3+ 50. Kf2 Rf3+ 51. Ke2 Ra3 52. Bb2 Rb3 53. Bc1 Bf5 54. Rg8 Be6 55. Re8 Kf5 56. h4 Rh3 57. Bg5 Rh2+ 58.
Kf3 Rh3+ 59. Kg2 Rb3 60. Rf8+ Kg4 61. Rf4+ Kh5 62. Re4 Bd5 0-1

[Event "Late-Titled-Tuesday-Blitz-November-28-2023"]
[Site "Chess.com"]
[Date "2023.11.28"]
[Round "8"]
[White "GoValya"]
[Black "TreinadorBR"]
[Result "1-0"]
[WhiteElo "2224"]
[BlackElo "2344"]
[TimeControl "180+1"]
[EndTime "15:26:30 PST"]
[Termination "GoValya won by checkmate"]

1. Nf3 Nf6 2. g3 c5 3. d4 d5 4. Bg2 Nc6 5. O-O cxd4 6. Nxd4 g6 7. Nxc6 bxc6 8. c4 Bg7 9. cxd5 cxd5 10. Nc3 Bb7 11.
Qa4+ Qd7 12. Qxd7+ Kxd7 13. Rd1 e6 14. e4 Rhd8 15.
Bg5 h6 16. Bxf6 Bxf6 17. exd5 exd5 18. Nxd5 Bxd5 19. Bxd5 Rab8 20. Bxf7+ Ke7 21. Bxg6 Rxd1+ 22. Rxd1 Rxb2 23. Re1+ Kd6 24. Bf7 Bd4 25. Rf1 Ke7 26. Bb3 a5 27. Kg2 a4 28. Bxa4 Rxa2 29. Bb3 Rb2 30. Bd5 Kf6 31. Kf3 Ke5 32. Bc4 Rc2 33.
Bg8 Rc8 34. Re1+ Kf6 35. Bh7 Rc3+ 36. Kg4 Kg7 37. Re7+ Kf6 38. Re2 Bc5 39. f4 Kg7 40. Be4 Ra3 41. Bf5 Bd6 42. Re6 Bf8 43. Rg6+ Kf7 44.
Rb6 Ra7 45. h4 Be7 46. Be6+ Kg7 47. f5 Bf6 48. Rd6 Ra4+ 49. Kh5 Be7 50. Rd7 Kf6 51. g4 Bc5 52. g5+ hxg5 53. hxg5+ Ke5 54. Kg6 Ra1 55. Rd5+ Ke4 56. Rxc5 Rg1 57. Rc4+ Ke5 58. f6 Kxe6 59. Re4+ Kd5 60. Re2 Rf1 61. Kg7 Kd6 62. f7 Rg1 63. g6 Kd5 64. f8=Q Kd4 65. Qf6+ Kd3 66. Qf3+ Kc4 67. Re4+ Kd5 68. Qf5+ Kc6 69.
Re6+ Kb7 70. Qf7+ Kc8 71. Re8# 1-0

[Event "Late-Titled-Tuesday-Blitz-November-28-2023"]
[Site "Chess.com"]
[Date "2023.11.28"]
[Round "8"]
[White "HajiyevKanan"]
[Black "DamianoLew95"]
[Result "0-1"]
[WhiteElo "2490"]
[BlackElo "2731"]
[TimeControl "180+1"]
[EndTime "15:26:44 PST"]
[Termination "DamianoLew95 won on time"]

1. d4 d5 2. Nf3 c6 3. c4 Nf6 4. cxd5 cxd5 5. Nc3 Nc6 6. Bg5 a6 7. Bxf6 gxf6 8. Qb3 e6 9. e3 Bd7 10. Be2 Na5 11. Qc2 Rc8 12. O-O b5 13. a3 Nc4 14. e4 dxe4 15. Qxe4 Nxb2 16. Rac1 Nc4 17. d5 e5 18. a4 Nd6 19. Qe3 Bg7 20. axb5 axb5 21. Rb1 Qa5 22. Ne4 Nxe4 23. Qxe4 f5 24. Qh4 O-O 25. Qe7 Qd8 26. Qxd8 Rfxd8 27. Bxb5 e4 28. Nh4 f4 29. Bxd7 Rxd7 30. Rfe1 Re8 31.
f3 e3 32. Rbd1 Bf6 33. Nf5 Re5 34. Nh6+ Kg7 35. Ng4 Rexd5 36. Rxd5 Rxd5 37. g3 Bc3 38. Re2 h5 39. gxf4 hxg4 40. fxg4 Rd2 41. Kf1 Rd1+ 42. Kg2 Bd4 43. Kf3 Kf6 44. f5 Ke5 45. h4 Rf1+ 46.
Kg3 Rf2 47. Re1 Ke4 48. h5 Rf3+ 49. Kh4 Bf6+ 50. g5 Rf4+ 51. Kg3 Bxg5 52. h6 Bxh6 53. Rh1 Bg5 54. Rh5 Rxf5 55. Rh8 e2 56. Re8+ Re5 57. Rxe5+ Kxe5 58. Kf2 Kf5 59. Kxe2 Bf6 60. Kf3 Be7 61.
Kg3 f6 62. Kf3 Bf8 63. Kg3 Bg7 64. Kf3 Bh8 65. Kg3 Kg5 66. Kf3 f5 67. Kg2 Bg7 68.
Kf3 Bf8 69. Kg2 Be7 70. Kf3 Bd8 71. Kg2 Bc7 72. Kf3 f4 73. Kg2 Kg4 74. Kf2 f3 75. Kf1 Kg3 76. Kg1 Bd8 77. Kf1 f2 78. Ke2 Kg2 0-1

[Event "Late-Titled-Tuesday-Blitz-November-28-2023"]
[Site "Chess.com"]
[Date "2023.11.28"]
[Round "8"]
[White "CSB7"]
[Black "Rakitic2010"]
[Result "0-1"]
[WhiteElo "2685"]
[BlackElo "2496"]
[TimeControl "180+1"]
[EndTime "15:26:45 PST"]
[Termination "Rakitic2010 won by resignation"]

1. e4 Nf6 2. e5 Nd5 3. d4 d6 4.
Nf3 g6 5. Bc4 Nb6 6. Bb3 Bg7 7.
Qe2 O-O 8. h3 c5 9. dxc5 dxc5 10. O-O Qc7 11. Na3 a6 12. e6 Bxe6 13. Bxe6 fxe6 14.
Qxe6+ Kh8 15. Ng5 h6 16. Ne4 Kh7 17. c3 Nc6 18. Nxc5 Ne5 19. Ne4 Rad8 20. Be3 Nd5 21.
Rae1 b5 22. Qxa6 Qd7 23. Qxb5 Qf5 24. Ng3 Qc8 25. Kh2 h5 26. Qe2 h4 27. Ne4 Qc7 28. Kh1 Qc6 29. Nc2 Rf5 30. Nd4 Qd7 31. Nxf5 Qxf5 32. Bd4 Nf4 33. Qe3 Nc4 34. Ng5+ Qxg5 35. Qf3 Nd2 36. Qg4 Qxg4 37. hxg4 Nxf1 38. Bxg7 Kxg7 39. Rxf1 Rd2 40. g3 hxg3 41. fxg3 Ne2 42. Kg2 Nxc3+ 43. Kh3 Nxa2 44. Re1 Kf7 45. b4 Nxb4 46.
Rf1+ Kg7 47. Re1 Nd5 48. Re5 Kf6 49. Re1 Rd3 50. Kh4 Re3 51. Rf1+ Kg7 52. g5 Nc3 53. g4 Re4 54. Rc1 Nd5 55. Kg3 Re5 56. Kh4 Nf4 57.
Rf1 Ne6 58. Ra1 Nxg5 59. Ra7 Nf7 60. Kg3 g5 61. Kf3 Kf6 62. Kg3 Nd6 63. Ra6 Re3+ 64. Kf2 Re4 65. Kf3 Rf4+ 66. Kg3 Ke6 67. Ra5 Ne4+ 68. Kh3 Rf3+ 69. Kh2 Kf6 70. Rb5 Rg3 71. Rb6+ e6 72. Rb8 Rxg4 73. Rb5 Rf4 74. Kg2 Rf5 75. Rb2 Rf2+ 76. Rxf2+ Nxf2 77. Kxf2 Kf5 0-1

[Event "Late-Titled-Tuesday-Blitz-November-28-2023"]
[Site "Chess.com"]
[Date "2023.11.28"]
[Round "8"]
[White "The_Straightforward_Rook"]
[Black "serena-maria"]
[Result "1-0"]
[WhiteElo "2461"]
[BlackElo "2324"]
[TimeControl "180+1"]
[EndTime "15:26:58 PST"]
[Termination "The_Straightforward_Rook won on time"]

1. Nf3 Nf6 2. c4 g6 3. d4 Bg7 4. e3 O-O 5. Be2 d6 6. Nc3 Nc6 7. O-O e5 8. b3 Nd7 9. Bb2 Ne7 10. Qc2 f5 11. dxe5 dxe5 12. Rfd1 c6 13. Ng5 Rf6 14.
c5 Qc7 15. Bc4+ Kh8 16. Nf7+ Rxf7 17. Bxf7 Nxc5 18. b4 Nd7 19. Rd2 a6 20. Rad1 h6 21. Na4 Kh7 22. Be6 Nf6 23. Bxc8 Rxc8 24. Nc5 Ned5 25.
Ne6 Qb8 26. Nxg7 Kxg7 27. Qc5 b6 28. Qc4 Ne4 29. Rc2 b5 30. Qb3 Kh7 31. a3 f4 32.
Qd3 Nef6 33. e4 Nb6 34. f3 Nc4 35. Rxc4 bxc4 36. Qxc4 Qb6+ 37. Qc5 Qxc5+ 38. bxc5 Re8 39. Rd6 Kg7 40. Kf2 Kf7 41. Rxc6 Nd7 42. Bc3 Rb8 43. Rxa6 Nxc5 44. Ra7+ Kf6 45. Rc7 Ne6 46. Rc6 Rb3 47. a4 Ra3 48. h4 Rxa4 49. Rb6 Ra2+ 50. Kg1 Rc2 51. Bb2 Rc4 52. Rb5 Nd4 53. Bxd4 Rxd4 54.
Rb6+ Kf7 55. Kh2 Rd2 56. Kh3 Kg7 57. Rc6 Kf7 58. Rb6 Kg7 59. Re6 Ra2 60. Rxe5 Kf6 61. Rd5 Re2 62. Rd6+ Kf7 63. Rc6 Re3 64. Ra6 g5 65. hxg5 hxg5 66. Kg4 Re2 67. Kxg5 Rxg2+ 68. Kxf4 Rh2 69. Ke5 Rh5+ 70. Kd4 Rh3 71. f4 Rh1 72. Ke5 Rh5+ 73. f5 Rh4 74. Ra7+ Kf8 75. Kf6 Kg8 76. e5 Rh6+ 77. Kg5 Rb6 78. e6 Rb1 79. Kf6 1-0

[Event "Late-Titled-Tuesday-Blitz-November-28-2023"]
[Site "Chess.com"]
[Date "2023.11.28"]
[Round "8"]
[White "JuniorJumper"]
[Black "katharinareinecke"]
[Result "1-0"]
[WhiteElo "2512"]
[BlackElo "2009"]
[TimeControl "180+1"]
[EndTime "15:27:00 PST"]
[Termination "JuniorJumper won by checkmate"]

1. g3 d5 2. Bg2 Nf6 3. Nf3 e6 4. b3 Be7 5. Bb2 O-O 6. O-O c5 7. d3 Nc6 8. Nbd2 b5 9. a4 b4 10. e4 Bb7 11. Qe2 Rc8 12. Rad1 Qd7 13. Rfe1 Rfe8 14.
e5 Nh5 15. Nf1 g6 16. Bc1 Ng7 17. h4 Nd4 18. Nxd4 cxd4 19. f4 Qc7 20. Rd2 Nf5 21. Kh2 Qc3 22. Bh3 Ne3 23. Nxe3 dxe3 24. Qxe3 d4 25.
Qf2 Qc5 26. Bg2 Bxg2 27. Qxg2 Qb6 28. Bb2 Bc5 29. h5 a5 30. Qe4 Qc6 31. Kg2 Qxe4+ 32. dxe4 Red8 33. Red1 Bb6 34. Kf3 Rc7 35. Ke2 Rdc8 36.
Kd3 Kg7 37. Rh1 gxh5 38. Rxh5 Kg6 39. Rdh2 Ba7 40. Rh6+ Kg7 41. Rxh7+ Kg8 42. Rh8+ Kg7 43. Rxc8 Rxc8 44. f5 Rg8 45. g4 Kf8 46. Rg2 Ke7 47.
f6+ Kd7 48. Bxd4 Bxd4 49. Kxd4 Kc6 50. g5 Kb6 51. g6 fxg6 52. f7 Rd8+ 53. Ke3 Rf8 54.
Rxg6 Rxf7 55. Rxe6+ Kc5 56. Ra6 Rh7 57. Rxa5+ Kc6 58.
Rb5 Rh3+ 59. Kd4 Rh2 60. Rxb4 Re2 61. Kd3 Re1 62. Rc4+ Kb6 63. Kd2 Rh1 64. Kc3 Rh3+ 65. Kb4 Re3 66. a5+ Ka6 67. Rd4 Ka7 68. Kb5 Kb7 69. c4 Rxb3+ 70. Ka4 Re3 71. Kb4 Ka6 72. Kc5 Kxa5 73. Kd5 Kb6 74. Kd6 Kb7 75. c5 Kc8 76.
e6 Kd8 77. c6 Rc3 78. e5 Ke8 79. c7 Rg3 80. c8=R# 1-0

[Event "Late-Titled-Tuesday-Blitz-November-28-2023"]
[Site "Chess.com"]
[Date "2023.11.28"]
[Round "8"]
[White "mind1mover"]
[Black "Jospem"]
[Result "0-1"]
[WhiteElo "2757"]
[BlackElo "3048"]
[TimeControl "180+1"]
[EndTime "15:27:01 PST"]
[Termination "Jospem won by checkmate"]

1. d4 Nf6 2. Nf3 e6 3. c4 Bb4+ 4. Bd2 c5 5. Bxb4 cxb4 6. e3 b6 7. Be2 a5 8. a3 Na6 9. O-O Bb7 10.
Nbd2 O-O 11. Ne1 d6 12. Nd3 bxa3 13. bxa3 Nb8 14. Bf3 Bxf3 15. Qxf3 Nbd7 16. Rab1 Rc8 17.
Rfc1 e5 18. h3 Re8 19. Qg3 Qe7 20. Re1 g6 21. Qh4 Qe6 22. Rbc1 Qf5 23. e4 Qe6 24. d5 Qe7 25. Qh6 Rc7 26. Rb1 Nh5 27. g4 Nhf6 28. Kh1 Rec8 29. f3 Ne8 30. Qe3 Ng7 31. Rg1 Qh4 32. Kg2 Qe7 33. Kh2 Kh8 34. Qh6 f6 35. h4 Kg8 36. Qe3 f5 37. Qg5 Qxg5 38. hxg5 f4 39.
Kg2 Ne8 40. Rh1 Rb7 41. Rb2 Rbb8 42. Rc1 Nc7 43. Kf2 Na6 44. Ke2 Kg7 45. Nb1 h6 46. gxh6+ Kxh6 47. Rbc2 Kg7 48. Rh1 Rh8 49. Rcc1 Rbc8 50.
Nd2 Nac5 51. Nxc5 Nxc5 52. Rb1 Na4 53. Kd3 g5 54. Kc2 Rh4 55. Rxh4 gxh4 56. Rh1 Rh8 57.
Nf1 Rc8 58. Nd2 Rh8 59. Rh3 Nc5 60. Nb3 Nb7 61. a4 Nd8 62. Kd3 Nf7 63. Nd2 Ng5 64.
Rh1 h3 65. Rh2 Kg6 66. Ke2 Rc8 67. Rh1 Kf6 68. Rb1 Rh8 69. Rh1 Ke7 70. Kf2 Kd7 71. Ke2 Kc7 72. Kf2 Kb7 73. Ke2 Ka6 74. Kf2 Rc8 75.
Ke2 Ka7 76. Kf2 b5 77. axb5 Kb6 78. Ke2 a4 79. Kd3 a3 80. Kc3 a2 81. Nb3 Ra8 82. Kb4 Nxf3 83. Rxh3 Nd4 84. Na1 f3 85. Rh6 Rf8 86. c5+ Kc7 87. cxd6+ Kd7 88. Rh7+ Kxd6 89. Rh1 Rf4 90. Rf1 Rxe4 91. Ka5 Kxd5 92. Rf2 Rxg4 93. b6 Kc6 94. Ka6 Ne6 95. Rc2+ Nc5+ 96. Ka5 Ra4# 0-1

[Event "Late-Titled-Tuesday-Blitz-November-28-2023"]
[Site "Chess.com"]
[Date "2023.11.28"]
[Round "8"]
[White "TimGrutter03"]
[Black "alexrustemov"]
[Result "1/2-1/2"]
[WhiteElo "2551"]
[BlackElo "2834"]
[TimeControl "180+1"]
[EndTime "15:27:09 PST"]
[Termination "Game drawn by stalemate"]

1. b3 d5 2. Bb2 Nf6 3. Nf3 Bf5 4. e3 h6 5. c4 e6 6. Be2 Be7 7. O-O O-O 8. Nc3 c6 9. d3 Nbd7 10. a3 a5 11. cxd5 exd5 12. Rc1 Re8 13. Qc2 Bh7 14. Qb1 Nc5 15. Nd2 Qb6 16. Ba1 Ncd7 17. Qa2 Ne5 18. Qc2 Bxa3 19. Rcd1 Bb4 20. Nf3 Nxf3+ 21. Bxf3 Qd8 22. Na4 Qe7 23. Bd4 Nd7 24. Qb2 Ne5 25. Be2 Rad8 26. Bb6 Rd6 27. Bd4 Re6 28. f4 Nd7 29.
Bxg7 f6 30. Bxh6 Rxe3 31. Bh5 Ra8 32. f5 Re5 33. Qf2 Kh8 34. Bg6 Rg8 35. Bf4 Re2 36.
Qh4 Rg7 37. Bh6 Rg8 38. Bf4 Nf8 39. Kh1 Nxg6 40. fxg6 Rxg6 41. Rg1 Qg7 42. Qh3 Rg4 43. Bg3 f5 44. Nb6 f4 45. Bh4 Bf5 46. Bf6+ Kg8 47. Bxg7 Kxg7 48. Qh5 Be6 49. h3 Rg3 50. Qxe2 Re3 51.
Qf2 Bd6 52. d4 Bf5 53. Rde1 Rg3 54. Rgf1 Be4 55. Qg1 Rxh3+ 56. Qh2 Rxh2+ 57. Kxh2 Bb4 58. Re2 Bc3 59. Ref2 Bxd4 60. Na4 Bxf2 61. Rxf2 Kf6 62. Rxf4+ Ke5 63. Rf7 b5 64. Nc5 Kd4 65. Nxe4 dxe4 66.
Ra7 Kc3 67. Rxa5 e3 68. g4 e2 69. Ra1 Kd2 70. g5 c5 71. g6 c4 72. bxc4 bxc4 73. g7 c3 74. g8=Q e1=Q 75. Rxe1 Kxe1 76. Qg1+ Kd2 77.
Qf2+ Kd1 78. Qf3+ Kd2 79. Qd5+ Kc1 80. Qg5+ Kb1 81. Qf5+ c2 82. Qd3 Kb2 83. Qd2 Kb1 84.
Qb4+ Ka1 85. Qa3+ Kb1 86. Qb3+ Ka1 87. Qxc2 1/2-1/2

[Event "Late-Titled-Tuesday-Blitz-November-28-2023"]
[Site "Chess.com"]
[Date "2023.11.28"]
[Round "8"]
[White "Andrei_Skvortsov"]
[Black "ChristopherYoo"]
[Result "1-0"]
[WhiteElo "2774"]
[BlackElo "3011"]
[TimeControl "180+1"]
[EndTime "15:27:19 PST"]
[Termination "Andrei_Skvortsov won by checkmate"]

1. e4 c5 2. d4 cxd4 3. Qxd4 Nc6 4. Qd3 g6 5. Nc3 Bg7 6. Nf3 Nf6 7. Be2 O-O 8. O-O d6 9. Nd5 Bg4 10. c3 Nd7 11.
Bg5 h6 12. Bh4 Nc5 13. Qc2 g5 14. Bg3 e6 15. Ne3 Bxf3 16. Bxf3 Ne5 17. Be2 Qe7 18.
Rad1 Rac8 19. Qb1 Rfd8 20. Rd2 a6 21. Rfd1 b5 22. f3 h5 23. h3 Na4 24. Nc2 h4 25.
Bf2 Ng6 26. Nb4 a5 27. Nd3 d5 28. exd5 Rxd5 29. Be3 Rcd8 30. Nf2 Bxc3 31. bxc3 Nxc3 32.
Qc2 Nxd1 33. Rxd1 Rxd1+ 34. Nxd1 Qb4 35. Bxg5 Qe1+ 36. Bf1 Rxd1 37. Qf2 Qxf2+ 38. Kxf2 Ra1 39. Bxb5 Rxa2+ 40. Ke3 Rxg2 41. Bd8 Rg3 42. Ba4 Rxh3 43. Bxa5 Rh1 44. Bc7 Rc1 45. Bh2 Rc3+ 46. Kf2 Rc2+ 47.
Bxc2 Ne7 48. Bd6 Nd5 49. Be4 Nf6 50. Be7 Nh5 51. Bxh4 Kg7 52. Bd8 f5 53. Bb7 e5 54.
Ke3 Kg6 55. Bc8 Nf4 56. Ba5 Nd5+ 57. Kf2 e4 58. fxe4 fxe4 59. Bb7 Nf6 60. Ke3 Kf5 61. Bc8+ Ke5 62. Bc3+ Kd6 63. Bxf6 Kc7 64. Bg4 Kd6 65. Be2 Kc5 66. Bh8 Kd6 67. Bg7 Kd5 68.
Bh6 Ke6 69. Bf4 Kf5 70. Bg3 Ke6 71. Be1 Kf6 72. Bd2 Kf5 73. Bc1 Ke5 74. Bb2+ Kd5 75. Ba3 Ke6 76. Bf8 Kf5 77. Bd1 Ke5 78. Bb4 Kd5 79.
Be1 Ke5 80. Bc2 Kd5 81. Bb1 Ke5 82. Bf2 Ke6 83. Kd4 Kf6 84. Be3 Ke6 85. Bxe4 Kf6 86. Bf4 Ke6 87. Be5 Ke7 88. Bd5 Kd7 89. Kc5 Ke7 90.
Bc4 Kd7 91. Kd4 Ke7 92. Bd5 Kd7 93. Kc5 Ke7 94. Kb6 Kd7 95. Kb7 Ke8 96. Kc8 Ke7 97.
Kc7 Ke8 98. Kd6 Kf8 99. Ke6 Ke8 100. Bc7 Kf8 101. Kf6 Ke8 102. Bc6+ Kf8 103. Bd6+ Kg8 104. Kg6 Kh8 105. Bd7 Kg8 106. Be6+ Kh8 107. Be5# 1-0

[Event "Late-Titled-Tuesday-Blitz-November-28-2023"]
[Site "Chess.com"]
[Date "2023.11.28"]
[Round "8"]
[White "Cidonka"]
[Black "VitaliyChayka"]
[Result "1/2-1/2"]
[WhiteElo "2298"]
[BlackElo "2420"]
[TimeControl "180+1"]
[EndTime "15:28:06 PST"]
[Termination "Game drawn - insufficient material"]

1. e4 d6 2. d4 Nf6 3. Nc3 e5 4. Nf3 Nbd7 5. Bc4 Be7 6. a4 O-O 7. O-O a5 8. Re1 c6 9. h3 exd4 10. Qxd4 Nc5 11. Bg5 Be6 12. Rad1 Qb6 13. Bf1 Qb4 14.
b3 Rad8 15. Bf4 Rfe8 16. Bg3 Nh5 17. Bh2 Nf6 18. Qxb4 axb4 19. Na2 Nxa4 20. Ng5 Nc3 21. Nxc3 bxc3 22. Nxe6 fxe6 23. Re3 b5 24. Rxc3 Rc8 25.
Re3 e5 26. c4 bxc4 27. Bxc4+ d5 28. exd5 cxd5 29. Bb5 Red8 30. Bxe5 Ne4 31. Bd4 Rb8 32. Bc6 Bg5 33. Bxd5+ Rxd5 34. Rxe4 Rxb3 35. Rg4 h5 36. Re4 Bf6 37. Kh2 Rb4 38. Bxf6 Rxd1 39.
Rxb4 gxf6 40. g4 hxg4 41. hxg4 Kf7 42. Kg3 Kg6 43. Rb5 Rd3+ 44. f3 Ra3 45. Kf4 Ra4+ 46. Kg3 Ra3 47. Rc5 Ra4 48. Rd5 Ra3 49. Rd4 Rb3 50.
Rf4 Ra3 51. Re4 Rb3 52. Kf2 Ra3 53. Re3 Ra2+ 54. Kg3 Ra4 55. Rd3 Rb4 56. f4 Ra4 57. Rd5 Ra3+ 58. Kh4 Ra1 59. Kg3 Ra3+ 60. Kh4 Ra1 61.
Rd6 Rh1+ 62. Kg3 Rg1+ 63. Kf3 Rf1+ 64. Ke4 Re1+ 65. Kf3 Rf1+ 66. Kg3 Rg1+ 67. Kh3 Rh1+ 68. Kg2 Rh8 69. g5 Rf8 70. Kg3 Kf5 71. Rd5+ Ke4 72. Rd6 Kf5 73. Kf3 fxg5 74. Rd5+ Kf6 75. Rxg5 Ra8 76.
Kg4 Ra1 77. Rb5 Rg1+ 78. Kf3 Rf1+ 79. Kg3 Rg1+ 80. Kf2 Ra1 81. Kf3 Ra3+ 82. Kg4 Kg7 83. Rb6 Ra5 84. f5 Ra1 85. Rg6+ Kf7 86. Rb6 Rg1+ 87.
Kf4 Rf1+ 88. Ke5 Re1+ 89. Kf4 Rf1+ 90. Kg5 Rg1+ 91. Kh6 Rh1+ 92. Kg5 Rg1+ 93. Kh4 Rh1+ 94. Kg4 Rg1+ 95. Kh3 Rh1+ 96. Kg3 Rg1+ 97. Kf2 Ra1 98.
Kf3 Rf1+ 99. Ke4 Re1+ 100. Kd3 Rd1+ 101. Ke2 Ra1 102. Rc6 Ra5 103. f6 Rf5 104. Ke3 Rxf6 105. Rxf6+ Kxf6 1/2-1/2